 Dungeon Crawl Stone Soup version 0.29-a0-322-g68df515428 (webtiles) character file.

Game seed: 2377469742035158131

359 Murumi the Skirmisher (level 6, -4/99 HPs)
             Began as an Ogre Chaos Knight on Apr 8, 2022.
             Was a Plaything of Xom.
             Slain by nuaici's ghost (16 damage)
             ... on level 4 of the Dungeon.
             The game lasted 00:13:20 (3838 turns).

Murumi the Skirmisher (Ogre Chaos Knight)           Turns: 3838, Time: 00:13:21

Health: -4/99      AC:  9    Str: 19      XL:     6   Next: 65%
Magic:  7/7        EV: 10    Int: 13      God:    Xom [.*....]
Gold:   229        SH:  0    Dex:  8 (10) Spells: 6/7 levels left

rFire   + + .      SeeInvis .   n - +2 quarterstaff (chaos)
rCold   + . .      Faith    .   (shield currently unavailable)
rNeg    . . .      Spirit   .   b - +2 robe
rPois   .          Reflect  .   f - +1 hat
rElec   .          Harm     .   q - +2 cloak
rCorr   .          Rampage  .   (gloves unavailable)
Will    .....                   (boots unavailable)
Stlth   ..........              (no amulet)
HPRegen 0.26/turn               i - ring of protection from fire
MPRegen 0.10/turn               o - ring of protection from fire

@: berserking, very quick
A: large, unfitting armour, tough skin 1, agile 1, cold resistance 1, sense
surroundings 1
a: Renounce Religion


You were on level 4 of the Dungeon.
You worshipped Xom.
You were a plaything of Xom.
You visited 1 branch of the dungeon, and saw 4 of its levels.

You collected 229 gold pieces.

Inventory:

Hand Weapons
 a - a +0 mace of chaos
 n - a +2 quarterstaff of chaos (weapon)
 r - a +0 flail
Missiles
 d - 2 boomerangs of dispersal
 g - 78 stones (quivered)
 m - 8 boomerangs
 z - 4 large rocks
Armour
 b - a +2 robe (worn)
 f - a +1 hat (worn)
 q - a +2 cloak (worn)
Jewellery
 i - a ring of protection from fire (left hand)
 o - a ring of protection from fire (right hand)
Wands
 l - a wand of digging (3)
 s - a wand of flame (11)
 y - a wand of paralysis (13)
Scrolls
 u - a scroll of fog
Potions
 e - a potion of ambrosia
 j - 2 potions of attraction
 k - 2 potions of heal wounds {unknown}
 p - 2 potions of haste {unknown}
 t - a potion of curing {unknown}
 v - a potion of invisibility {unknown}
 w - a potion of mutation {unknown}
 x - a potion of degeneration {unknown}
Miscellaneous
 c - a piece from Xom's chessboard (15/15)


   Skills:
 - Level 5.0 Fighting
 - Level 3.0(3.6) Maces & Flails
 - Level 3.2(4.0) Staves
 + Level 2.3 Throwing
 - Level 1.0 Armour
 - Level 3.0 Dodging
 - Level 1.0 Stealth
 - Level 1.0 Spellcasting
 - Level 1.0 Transmutations
 - Level 1.0 Evocations


You had 6 spell levels left.
You knew the following spells:

 Your Spells              Type           Power      Damage    Failure   Level
a - Beastly Appendage     Tmut           6%         N/A       19%         1

Your spell library contained the following spells:

 Spells                   Type           Power      Damage    Failure   Level
 Animate Skeleton         Necr           0%         N/A       28%         1
 Apportation              Tloc           0%         N/A       28%         1
 Pain                     Necr           0%         1d4       28%         1
 Sandblast                Erth           0%         2d4       28%         1
 Wereblood                Tmut           3%         N/A       28%         2
 Passwall                 Tmut/Erth      0%         N/A       34%         2
 Scorch                   Fire           0%         2d5       38%         2
 Spider Form              Tmut/Pois      1%         N/A       56%         3
 Call Canine Familiar     Summ           0%         N/A       63%         3
 Inner Flame              Hex/Fire       0%         N/A       63%         3
 Portal Projectile        Hex/Tloc       0%         N/A       63%         3
 Stone Arrow              Conj/Erth      0%         3d7       63%         3
 Vampiric Draining        Necr           0%         2d6       63%         3
 Cause Fear               Hex            0%         N/A       95%         4
 Flame Wave               Conj/Fire      0%         2d4       95%         4
 Leda's Liquefaction      Hex/Erth       0%         N/A       95%         4
 Alistair's Intoxication  Tmut/Pois      0%         N/A       99%         5
 Summon Cactus Giant      Summ           0%         N/A       100%        6
 Discord                  Hex            0%         N/A       100%        8


Dungeon Overview and Level Annotations

Branches:
Dungeon (4/15)
 Temple: D:4-7

Altars:
Xom

Shops:
D:1 =(   D:3 [

Annotations:
D:4 1 transporter, nuaici's ghost, novice MiFi


Innate Abilities, Weirdness & Mutations

You are too large for most types of armour.
You have tough skin. (AC +1)
You are agile. (Dex +2)
Your flesh is cold resistant. (rC+)
You passively map a small area around you.


Message History

The quasit claws you but does no damage.
The quasit completely misses you.
The quasit claws you but does no damage.
The quasit barely misses you.
Nuaici's ghost hits you but does no damage.
The quasit bites you but does no damage.
The quasit claws you but does no damage. x2
You closely miss the quasit.
The quasit is severely wounded.
The quasit closely misses you. The quasit completely misses you.
The quasit claws you but does no damage.
Nuaici's ghost hits you!
* * * LOW HITPOINT WARNING * * *
The quasit barely misses you. The quasit completely misses you.
The quasit barely misses you.
A red film seems to cover your vision as you go berserk!
You feel yourself moving faster!
You feel mighty! The quasit barely misses you.
The quasit claws you but does no damage. x2
Nuaici's ghost hits you but does no damage.
The quasit barely misses you. The quasit claws you.
* * * LOW HITPOINT WARNING * * *
The quasit closely misses you.
You barely miss the quasit.
The quasit is severely wounded.
The quasit bites you but does no damage.
The quasit claws you but does no damage. x2
Nuaici's ghost hits you.
* * * LOW HITPOINT WARNING * * *
You sock the quasit!
You kill the quasit!
Training target 4.0 for Staves reached!
You need to enable at least one skill for training.
You barely miss nuaici's ghost.
Nuaici's ghost is moderately damaged.
Nuaici's ghost hits you but does no damage.
You barely miss nuaici's ghost.
Nuaici's ghost is moderately damaged.
Nuaici's ghost hits you!
You die...
Xom is highly amused!

....# #.##.....$©#.#
....# #.#..#.#...#.##
....# #.#..#.#...#..#
....# #.##.....#.##.#
....# ##..#..#...#.#.#
.######..©#(=.©#...#.#
..## #....#$#.....##.##
#..###.#.##.#..W#.#©..#
##..##.#.# .#.##@.##..#
......)..#.#...#...#..#
#......#.##..#....##..#
..##.###..#...)..##...#
###.......##.#####..#.#
....>.###..###.....#..#
###....###.....#####.##
.....#..######.# #.#
.###.##........#####.##


You could see nuaici's ghost.

Vanquished Creatures
  A jelly (D:4)
  A quasit (D:4)
  Crazy Yiuf (D:2)
  An iron imp (D:4)
  An iguana (D:2)
  2 orc wizards (D:3)
  Ijyb (D:4)
  7 adders
  2 worms
  A dart slug (D:4)
  8 orcs
  3 ball pythons
  2 endoplasms
  5 giant cockroaches
  7 goblins
  7 hobgoblins
  4 jackals (D:3)
  4 quokkas
  5 bats
  5 frilled lizards
  5 kobolds
  3 rats
76 creatures vanquished.

Notes
Turn   | Place    | Note
-------+----------+-------------------------------------------
     0 | D:1      | Murumi the Ogre Chaos Knight began the quest for the Orb.
     0 | D:1      | Reached XP level 1. HP: 24/24 MP: 1/1
   262 | D:1      | Reached XP level 2. HP: 27/32 MP: 2/2
   440 | D:1      | XOM: smoke on damage
   444 | D:1      | XOM: potion effect (might)
   517 | D:1      | XOM: give mutations
   517 | D:1      | Gained mutation: Your flesh is cold resistant. (rC+) [Xom's
                  | grace]
   517 | D:1      | Gained mutation: You are agile. (Dex +2) [Xom's grace]
   517 | D:1      | Gained mutation: You passively map a small area around you.
                  | [Xom's grace]
   633 | D:1      | Found Saroko's Jewellery Boutique.
   675 | D:1      | Found a faded altar of an unknown god.
   711 | D:1      | XOM: scenery: create altars
   796 | D:1      | Found Ycual's Weapon Emporium.
   987 | D:2      | Reached skill level 1 in Throwing
   987 | D:2      | Reached XP level 3. HP: 31/39 MP: 3/3
  1066 | D:2      | XOM: silly message
  1111 | D:2      | XOM: 10-stop teleportation journey
  1162 | D:2      | Learned a level 1 spell: Beastly Appendage
  1232 | D:2      | XOM: cloud trail
  1310 | D:2      | Found a runed translucent door.
  1311 | D:2      | Noticed Crazy Yiuf
  1317 | D:2      | XOM: smoke on damage
  1318 | D:2      | Killed Crazy Yiuf
  1319 | D:2      | Reached skill level 1 in Spellcasting
  1319 | D:2      | Reached XP level 4. HP: 31/48 MP: 3/5
  1768 | D:2      | Reached skill level 1 in Transmutations
  2122 | D:2      | Reached skill level 1 in Armour
  2328 | D:3      | XOM: cloud trail
  2335 | D:3      | Reached skill level 1 in Evocations
  2359 | D:3      | Reached XP level 5. HP: 54/54 MP: 6/6
  2432 | D:3      | Found Liddov's Armour Emporium.
  2474 | D:3      | XOM: silly message
  2699 | D:3      | Reached skill level 1 in Stealth
  2730 | D:3      | Reached skill level 1 in Staves
  2990 | D:3      | XOM: silly message
  3179 | D:4      | Reached XP level 6. HP: 56/65 MP: 7/7
  3254 | D:4      | Reached skill level 5 in Fighting
  3276 | D:3      | XOM: noise
  3411 | D:4      | Found a transporter.
  3416 | D:4      | Noticed Ijyb
  3425 | D:4      | Killed Ijyb
  3447 | D:4      | Noticed nuaici's ghost (novice MiFi)
  3462 | D:4      | Found a transporter.
  3824 | D:4      | XOM: polymorph quasit -> iron imp
  3826 | D:4      | XOM: destruction
  3838 | D:4      | Slain by nuaici's ghost

Illustrated notes

Levels and vault maps discovered:
D:1:      nicolae_arrival_somewhat_less_tricky_arrival, layout_rooms,
          serial_shops, shop, nicolae_shop_bloodbath_and_beyond,
          hellmonk_ecumenical_altar_lost_god
D:2:      layout_basic, uniq_crazy_yiuf_cottage
D:3:      layout_loops_ring, serial_shops, nicolae_shop_stone, nrook_uturn
D:4:      layout_rooms, gammafunk_ghost_stat_death, uniq_ijyb

Skill      XL: |  1  2  3  4  5  6 |
---------------+-------------------+-----
Maces & Flails | 3 |  3.0
Dodging        | 3 |  3.0
Throwing       | 1 2 |  2.3
Spellcasting   | 1 |  1.0
Transmutations | 1 |  1.0
Armour         | 1 |  1.0
Evocations     | 1 |  1.0
Stealth        | 1 |  1.0
Staves         | 2 3 |  3.2
Fighting       | 5 |  5.0

Action                   |  1- 3 |  4- 6 || total
-------------------------+-------+-------++-------
Melee: Mace              |    95 |       ||    95
       Punch             |     1 |       ||     1
       Quarterstaff      |       |   163 ||   163
Throw: Stone             |    23 |    82 ||   105
  Use: Scroll            |     6 |     1 ||     7
       Potion            |       |     1 ||     1
 Stab: Sleeping          |     1 |     4 ||     5
       Confused          |       |     1 ||     1
Armor: Robe              |    36 |   104 ||   140
Dodge: Dodged            |    46 |    84 ||   130

Table legend: (Time is in decaauts)
 A = Elapsed time spent in this place.
 B = Non-inter-level travel time spent in this place.
 C = Inter-level travel time spent in this place.
 D = Time resting spent in this place.
 E = Time spent auto-exploring this place.
 F = Levels seen in this place.
 G = Mean time per level.
                   A        B        C        D        E       F      G
               +--------+--------+--------+--------+--------+-----+--------+
         Total |   3895 |   3650 |    245 |      0 |   2899 |   4 |  973.8 |
       Dungeon |   3895 |   3650 |    245 |      0 |   2899 |   4 |  973.8 |
               +--------+--------+--------+--------+--------+-----+--------+

Top non-repeatable levels by time:
     D:2: 1412 daAuts
     D:3: 1033 daAuts
     D:1: 867 daAuts
     D:4: 582 daAuts
